 Dungeon Crawl Stone Soup version 0.30-a0-591-g3c58d2bc28 (webtiles) character file.

Game seed: 16111150952790412403

68 IdlyInterested the Chopper (level 4, -1/34 HPs)
             Began as a Demonspawn Gladiator on Jan 5, 2023.
             Slain by Sigmund
             ... wielding a +5 scythe of flaming
              (2 damage)
             ... on level 2 of the Dungeon.
             The game lasted 00:05:19 (1188 turns).

IdlyInterested the Chopper (Demonspawn Gladiator)   Turns: 1188, Time: 00:05:20

Health: -1/34      AC:  7    Str: 17    XL:     4   Next: 1%
Magic:  4/4        EV: 10    Int:  9    God:
Gold:   80         SH:  0    Dex: 14    Spells: 3/3 levels left

rFire   . . .      SeeInvis .    a - +0 war axe
rCold   . . .      Faith    .    (no shield)
rNeg    . . .      Spirit   .    g - +0 scale mail
rPois   .          Reflect  .    t - +0 helmet
rElec   .          Harm     .    (no cloak)
rCorr   .          Rampage  .    (no gloves)
Will    .....                    (no boots) Stlth
                                 (no amulet)
HPRegen 0.25/turn                (no ring)
MPRegen 0.09/turn                (no ring)

@: slowed, very slow
A: hooves 1, demonic magic 1
a: no special abilities


You were on level 2 of the Dungeon.
You visited 1 branch of the dungeon, and saw 2 of its levels.

You collected 80 gold pieces.

Inventory:

Hand Weapons
 a - a +0 war axe (weapon)
 f - a +0 dagger
 l - a +0 short sword
Missiles
 d - 2 throwing nets
 e - a javelin
 j - 33 stones (quivered)
 q - 2 poisoned darts
Armour
 b - a +0 leather armour
 c - a +0 chain mail
 g - a +0 scale mail (worn)
 s - a +1 animal skin
 t - a +0 helmet (worn)
Wands
 n - a wand of flame (11)
Scrolls
 h - a scroll of fear {unknown}
 i - a scroll of teleportation {unknown}
 k - a scroll of butterflies {unknown}
 m - a scroll of vulnerability {unknown}
Potions
 o - a potion of lignification {unknown}
 p - a potion of might {unknown}
 r - a potion of brilliance {unknown}


   Skills:
 * Level 2.6 Fighting
 * Level 1.0 Short Blades
 - Level 3.2 Axes
 - Level 1.7 Throwing
 - Level 1.0 Armour
 - Level 3.0 Dodging
 * Level 1.0 Stealth


You had 3 spell levels left.
You didn't know any spells.
Your spell library contained the following spells:

 Spells                   Type           Power      Damage    Failure   Level
 Sublimation of Blood     Necr           0%         N/A       91%         2
 Gell's Gravitas          Tloc           0%         N/A       99%         3
 Teleport Other           Tloc           0%         N/A       99%         3
 Petrify                  Tmut/Erth      0%         N/A       100%        4
 Irradiate                Conj/Tmut      0%         3d11      100%        5
 Dispersal                Tloc           0%         N/A       100%        6


Dungeon Overview and Level Annotations

Branches:
Dungeon (2/15)

Altars:

Annotations:
D:2 Natasha, Sigmund


Innate Abilities, Weirdness & Mutations

You have large cloven feet.
Spells you cast may paralyse adjacent enemies.


Message History

You hit Sigmund. You kick Sigmund, but do no damage.
Sigmund is lightly wounded.
Natasha, Servant of Life and Death comes into view.
You hit Sigmund.
Sigmund is lightly wounded.
Sigmund points at you and mumbles some strange words.
You resist with some effort.
Sigmund struggles against the net.
You catch the helpless Sigmund completely off-guard!
You puncture Sigmund! You punch Sigmund, but do no damage.
Sigmund is heavily wounded.
You hit Sigmund.
Sigmund is heavily wounded.
You hit Sigmund. You kick Sigmund.
Sigmund is severely wounded.
Sigmund struggles against the net.
You hit Sigmund.
Sigmund is severely wounded.
Sigmund struggles against the net.
Natasha casts a spell at you.
You feel yourself slow down.
You hit Sigmund. You kick Sigmund.
Sigmund is almost dead.
Sigmund points at you and mumbles some strange words.
The puff of flame hits you!
Sigmund struggles against the net.
Natasha stares at you and mumbles some strange words.
The magic dart hits you.
You hit Sigmund but do no damage. You kick Sigmund, but do no damage.
Sigmund is almost dead.
Sigmund struggles against the net.
The net rips apart, and Sigmund comes free!
Natasha barely misses you.
You hit Sigmund. Your kick misses Sigmund.
Sigmund is almost dead.
Sigmund barely misses you. Natasha barely misses you.
a - a +0 war axe (weapon)
Natasha mumbles some strange words.
Sigmund hits you with a +5 scythe of flaming!
* * * LOW HITPOINT WARNING * * *
Sigmund burns you.
You die...

.. ####### #.#
#.##...... ...
.......### ... #...<). #
##.# #.##.#..## #.#...
#.........
###.#..##########.#..#.
##.....@....... ........
......h@5...............
##.#.#..##########.#....
.#......## #.###..
#...........# #.####.
+...#......†# #......
#...#.......# #......
#.. ##......# #.....#
### #......# ####.##
######.# ###.##


You could see Sigmund, Natasha and a white imp (summoned).

Vanquished Creatures
  Robin (D:2)
  A dart slug (D:2)
  3 ball pythons (D:1)
  2 endoplasms (D:1)
  5 hobgoblins
  6 jackals
  5 kobolds
  A quokka (D:2)
  3 bats (D:1)
  2 frilled lizards (D:1)
  14 goblins
  6 rats (D:1)
49 creatures vanquished.

Notes
Turn   | Place    | Note
-------+----------+-------------------------------------------
     0 | D:1      | IdlyInterested the Demonspawn Gladiator began the quest for
                  | the Orb.
     0 | D:1      | Reached XP level 1. HP: 16/16 MP: 1/1
   141 | D:1      | Gained mutation: You have large cloven feet. [demonic
                  | ancestry]
   141 | D:1      | Reached XP level 2. HP: 19/22 MP: 2/2
   385 | D:1      | Reached skill level 1 in Armour
   422 | D:1      | Gained mutation: Spells you cast may paralyse adjacent
                  | enemies. [demonic ancestry]
   422 | D:1      | Reached XP level 3. HP: 25/28 MP: 3/3
   668 | D:2      | Noticed Robin
   700 | D:2      | Killed Robin
  1157 | D:2      | Reached skill level 1 in Short Blades
  1157 | D:2      | Reached skill level 1 in Stealth
  1157 | D:2      | Reached XP level 4. HP: 30/34 MP: 4/4
  1174 | D:2      | Noticed Sigmund
  1179 | D:2      | Noticed Natasha
  1188 | D:2      | HP: 1/34 [Sigmund/+5 scythe of flaming (13)]
  1188 | D:2      | Slain by Sigmund

Illustrated notes

Levels and vault maps discovered:
D:1:      reono_arrival_forest_river, layout_rooms, nrook_loot_triangle
D:2:      layout_basic, serial_bayou, serial_bayou_pond_b, serial_bayou_ford_a,
          serial_bayou_pond_e, serial_bayou_shore_b, uniq_robin, uniq_natasha,
          uniq_sigmund

Skill      XL: |  1  2  3 |
---------------+----------+-----
Axes           | 3 |  3.2
Armour         | 1 |  1.0
Dodging        | 3 |  3.0
Short Blades   | 1 |  1.0
Stealth        | 1 |  1.0
Fighting       | |  2.6
Throwing       | |  1.7

Action                   |  1- 3 |  4- 6 || total
-------------------------+-------+-------++-------
Melee: War axe           |    87 |       ||    87
       Kick              |    21 |     4 ||    25
       Short sword       |    27 |       ||    27
       Dagger            |       |     9 ||     9
       Punch             |       |     1 ||     1
Throw: Throwing net      |       |     1 ||     1
  Use: Potion            |     1 |       ||     1
 Stab: Held in net/web   |       |     1 ||     1
Armor: Scale mail        |    58 |       ||    58
       Leather armour    |     3 |       ||     3
Dodge: Dodged            |    80 |     3 ||    83

Table legend: (Time is in decaauts)
 A = Elapsed time spent in this place.
 B = Non-inter-level travel time spent in this place.
 C = Inter-level travel time spent in this place.
 D = Time resting spent in this place.
 E = Time spent auto-exploring this place.
 F = Levels seen in this place.
 G = Mean time per level.
                   A        B        C        D        E       F      G
               +--------+--------+--------+--------+--------+-----+--------+
         Total |   1225 |   1131 |     94 |     93 |    514 |   2 |  612.5 |
       Dungeon |   1225 |   1131 |     94 |     93 |    514 |   2 |  612.5 |
               +--------+--------+--------+--------+--------+-----+--------+

Top non-repeatable levels by time:
     D:1: 716 daAuts
     D:2: 508 daAuts
